 Dungeon Crawl Stone Soup version 0.27-a0-1154-gfdeffcb720 (webtiles) character file.

Game seed: 11368804364677558384

2478 Barazal the Geomancer (level 9, -11/49 HPs)
             Began as a Gargoyle Earth Elementalist on May 14, 2021.
             Was a Follower of Vehumet.
             Mangled by a skeletal warrior
             ... wielding a +0 battleaxe
              (29 damage)
             ... on level 7 of the Dungeon.
             The game lasted 00:15:57 (7168 turns).

Barazal the Geomancer (Gargoyle Earth Elementalist) Turns: 7168, Time: 00:15:57

Health: -11/49     AC: 12    Str: 14    XL:     9   Next: 51%
Magic:  6/17       EV: 12    Int: 20    God:    Vehumet [*.....]
Gold:   78         SH:  0    Dex: 10    Spells: 10/19 levels left

rFire    . . .     SeeInvis .   x - +9 flail of the Orange Skies {elec, Str+3}
rCold    + . .     Faith    .   (no shield)
rNeg     + . .     Spirit   .   c - +0 robe
rPois    ∞         Reflect  .   h - +0 helmet
rElec    +         Harm     .   j - +0 cloak
rCorr    .         Rampage  .   a - +0 pair of gloves
Will     .....                  (no boots)
Stlth    ++........             (no amulet)
HPRegen  0.16/turn              l - ring of protection from cold
MPRegen  0.15/turn              (no ring)

@: about to teleport
A: sickness immunity, AC +6, negative energy resistance 1, electricity
resistance, torment resistance 1, petrification resistance
a: Renounce Religion


You were on level 7 of the Dungeon.
You worshipped Vehumet.
Vehumet was aware of your devotion.
You visited 2 branches of the dungeon, and saw 8 of its levels.

You collected 255 gold pieces.
You spent 177 gold pieces at shops.

Inventory:

Hand Weapons
 k - a +1 dagger
 m - a +0 dagger of flaming
 w - a +0 flail
 x - the +9 flail of the Orange Skies (weapon) {elec, Str+3}
   (You found it on level 6 of the Dungeon)

   Occasionally, upon striking a foe, it can discharge electrical energy and
   cause terrible harm.
   It affects your strength (+3).
Missiles
 b - 119 stones
 g - 4 javelins
Armour
 a - a +0 pair of gloves (worn)
 c - a +0 robe (worn)
 h - a +0 helmet (worn)
 j - a +0 cloak (worn)
Jewellery
 d - a ring of protection from cold
 e - a ring of flight
 l - a ring of protection from cold (left hand)
Wands
 p - a wand of paralysis (4)
Scrolls
 o - 2 scrolls of enchant weapon
 r - a scroll of immolation
 t - 3 scrolls of holy word
 u - 3 scrolls of summoning
 y - 2 scrolls of identify
Potions
 f - a potion of resistance
 i - 2 potions of haste
 n - a potion of cancellation
 q - a potion of flight
 s - 2 potions of brilliance
 z - a potion of ambrosia
 A - 2 potions of berserk rage
 B - 3 potions of attraction
 C - a potion of heal wounds


   Skills:
 + Level 2.8 Fighting
 * Level 3.8 Maces & Flails
 + Level 2.9 Armour
 + Level 2.8 Dodging
 - Level 2.1 Stealth
 + Level 5.8 Spellcasting
 + Level 6.0 Conjurations
 - Level 0.7 Transmutations
 + Level 8.1 Earth Magic
 + Level 2.4 Evocations


You had 10 spell levels left.
You knew the following spells:

 Your Spells              Type           Power      Damage    Failure   Level
a - Sandblast             Erth           76%        2d16      1%          1
b - Stone Arrow           Conj/Erth      68%        3d11      1%          3
c - Lee's Rapid Deconstr  Erth           19%        3d12*     11%         5

Your spell library contained the following spells:

 Spells                   Type           Power      Damage    Failure   Level
 Foxfire                  Conj/Fire      68%        2x1d7     3%          1
 Passwall                 Tmut/Erth      19%        N/A       2%          2
 Petrify                  Tmut/Erth      23%        N/A       17%         4


Dungeon Overview and Level Annotations

Branches:
Dungeon (7/15)             Temple (1/1) D:5

Altars:
Dithmenos
Fedhas
Gozag
Kikubaaqudgha
Nemelex Xobeh
Okawaru
Qazlal
Vehumet
Xom
Zin

Shops:
D:1 **=


Innate Abilities, Weirdness & Mutations

You are immune to sickness and miasma.
Your stone body is resilient. (AC +6)
You are immune to poison.
You resist negative energy. (rN+)
You are resistant to electric shocks. (rElec)
You are resistant to unholy torment.
You are immune to petrification.


Message History

Press: ? - help, Dir - move target, f/p - gargoyle Fragment what (e.g. wall or brittle monster)?: a gargoyle, wielding a +0 mace (heavily damaged)
The gargoyle shatters!
The gargoyle is severely damaged.
Unknown command.
Unknown command.
Casting: Lee's Rapid Deconstruction (quite dangerous; 11% risk of failure)
Confirm with . or Enter, or press ? or * to list all spells.
Aiming: Sandblast (safe; 1% risk of failure)
Press: ? - help, Shift-Dir - straight line, f/p - gargoyle
Aim: a gargoyle, wielding a +0 mace (severely damaged, 91% to hit)
The blast of sand hits the gargoyle but does no damage.
The gargoyle is severely damaged.
The gargoyle hits you with a +0 mace!
Unknown command.
Casting: Sandblast (safe; 1% risk of failure)
Confirm with . or Enter, or press ? or * to list all spells.
Aiming: Sandblast (safe; 1% risk of failure)
Press: ? - help, Shift-Dir - straight line, f/p - gargoyle
Aim: a gargoyle, wielding a +0 mace (severely damaged, 91% to hit)
The blast of sand hits the gargoyle but does no damage.
The gargoyle is severely damaged.
The gargoyle hurls a stone arrow at you.
The stone arrow misses you.
You hit the gargoyle but do no damage.
The gargoyle is severely damaged.
The gargoyle hits you with a +0 mace.
You thump the gargoyle!
You destroy the gargoyle!
Vehumet accepts your kill.
The skeletal warrior hits you with a +0 battleaxe!
Your Conjurations skill increases to level 6!
You are too injured to fight recklessly!
You are too injured to fight recklessly!
Unknown command.
As you read the scroll of teleportation, it crumbles to dust.
You feel strangely unstable.
The skeletal warrior hits you with a +0 battleaxe!!
Ouch! That really hurt!
You die...

*,,,,,,,,*####..#...##.#(.(
*,,,,,,,,*#..#.##.#.##.##.#
**,,,,,,,,#....#.....##.#[#
**,,,,,,,,#...##.###.##.###
*,,,,,,,,,#...#.......##.#.
*,,,,,,,,,#..##.#####.##.#.
******,,**#..#.........##.#
*,,.###'###..#)#######.##.#
****,,.'....)@...#############
**,,**,H#....z...........,,,,..
*,,,*,,,##..##...#.....##,,,*#.
*,,,*,,,*#..##...##########+##.
***+**,,*#..#######....##...+..
**,,**,,*#..##...##.........#..
*,,,*,,,*#..##.........##...##.
**,,+,,,##..##.........##...##.
**,,*,,,#...#..........#...)...


You could see a skeletal warrior and a manticore.

Vanquished Creatures
  2 gargoyles (D:7)
  A basilisk (D:6)
  A vampire mosquito (D:7)
  A water moccasin (D:7)
  2 sky beasts
  A black bear (D:5)
  An ogre (D:2)
  A phantom (D:5)
  Blork the orc (D:6)
  A gnoll sergeant (D:5)
  2 bullfrogs (D:7)
  3 scorpions
  A water moccasin skeleton (D:5)
  3 hounds
  2 jellies (D:6)
  A bullfrog skeleton (D:6)
  A gnoll shaman (D:7)
  An iguana (D:6)
  Jessica (D:2)
  Ijyb (D:5)
  A centaur skeleton (D:7)
  Natasha (thrice) (D:4)
  5 adders
  7 gnolls (D:5)
  A shadow imp (D:7)
  A worm (D:3)
  4 dart slugs
  6 orcs
  8 ball pythons
  8 endoplasms
  4 giant cockroaches
  10 goblins
  11 hobgoblins
  8 kobolds
  A quokka (D:1)
  9 bats
  4 frilled lizards
  5 rats
124 creatures vanquished.

Vanquished Creatures (collateral kills)
  A goblin (D:4)
1 creature vanquished.

Grand Total: 125 creatures vanquished

Notes
Turn   | Place    | Note
-------+----------+-------------------------------------------
     0 | D:1      | Barazal the Gargoyle Earth Elementalist began the quest for
                  | the Orb.
     0 | D:1      | Reached XP level 1. HP: 10/10 MP: 3/3
   266 | D:1      | Reached XP level 2. HP: 15/15 MP: 1/5
   419 | D:1      | Reached skill level 4 in Earth Magic
   585 | D:1      | Found Wuimel's Assorted Antiques.
   682 | D:1      | Reached XP level 3. HP: 19/19 MP: 4/6
   689 | D:1      | Learned a level 3 spell: Stone Arrow
   804 | D:1      | Found Xyex's Jewellery Shop.
   841 | D:1      | Found Edyiguf's Assorted Antiques.
  1340 | D:2      | Reached skill level 1 in Conjurations
  1562 | D:2      | Reached XP level 4. HP: 17/24 MP: 6/8
  1910 | D:2      | Noticed Jessica
  1915 | D:2      | Killed Jessica
  2039 | D:2      | Noticed an ogre
  2041 | D:2      | Killed an ogre
  2042 | D:2      | Reached skill level 5 in Earth Magic
  2042 | D:2      | Reached XP level 5. HP: 28/28 MP: 6/10
  2048 | D:2      | Learned a level 5 spell: Lee's Rapid Deconstruction
  2333 | D:2      | Found a faded altar of an unknown god.
  3227 | D:4      | Noticed Natasha
  3228 | D:4      | Killed Natasha
  3229 | D:4      | Reached XP level 6. HP: 32/32 MP: 9/11
  3690 | D:4      | Noticed Natasha
  3695 | D:4      | Killed Natasha
  3717 | D:4      | Noticed Natasha
  3730 | D:4      | Killed Natasha
  3731 | D:4      | Reached skill level 6 in Earth Magic
  3985 | D:5      | Entered Level 5 of the Dungeon
  3999 | D:5      | Noticed Ijyb
  4018 | D:5      | Paralysed by Ijyb for 4 turns
  4024 | D:5      | Killed Ijyb
  4030 | D:5      | Reached XP level 7. HP: 25/36 MP: 8/13
  4159 | D:5      | Found a staircase to the Ecumenical Temple.
  4453 | Temple   | Entered the Ecumenical Temple
  4575 | Temple   | Became a worshipper of Vehumet
  4613 | D:5      | Reached skill level 7 in Earth Magic
  5477 | D:1      | Bought a scroll labelled RAFYAPR EMORPH for 27 gold pieces
  5477 | D:1      | Bought a scroll labelled LYOGYD RUCW for 27 gold pieces
  5477 | D:1      | Bought a scroll of identify for 54 gold pieces
  5506 | D:1      | Bought a sapphire potion for 21 gold pieces
  5506 | D:1      | Bought a scroll of identify for 48 gold pieces
  5648 | D:6      | Noticed Blork the orc
  5653 | D:6      | Reached skill level 5 in Spellcasting
  5866 | D:6      | Killed Blork the orc
  5867 | D:6      | Reached skill level 5 in Conjurations
  5867 | D:6      | Reached XP level 8. HP: 37/41 MP: 8/15
  5953 | D:6      | Identified the +9 flail of the Orange Skies {elec, Str+3}
  6065 | D:6      | Reached skill level 1 in Maces & Flails
  6123 | D:6      | Reached skill level 1 in Fighting
  6123 | D:6      | Reached skill level 1 in Armour
  6123 | D:6      | Reached skill level 1 in Evocations
  6807 | D:7      | Noticed a gargoyle
  6807 | D:7      | Noticed a five-headed hydra
  6807 | D:7      | Noticed a gargoyle
  6807 | D:7      | Noticed a skeletal warrior
  6809 | D:7      | Killed a gargoyle
  6809 | D:7      | Noticed a manticore
  6810 | D:7      | Reached XP level 9. HP: 42/48 MP: 6/17
  7020 | D:7      | Reached skill level 8 in Earth Magic
  7022 | D:7      | Reached * piety under Vehumet
  7022 | D:7      | Offered knowledge of Foxfire by Vehumet.
  7167 | D:7      | Killed a gargoyle
  7168 | D:7      | Mangled by a skeletal warrior

Illustrated notes

Levels and vault maps discovered:
D:1:      dpeg_arrival_rooms_c, layout_basic, serial_shops,
          nicolae_shop_overgrown_old_shop, nicolae_shop_window_shopping, shop
D:2:      layout_basic, shapermc_ecumenical_altar_mp_highgroup, minmay_domino_4,
          uniq_jessica
D:3:      layout_rooms
D:4:      layout_loops_ring, uniq_natasha
D:5:      layout_loops_ring, minmay_temple_entry_glass, uniq_ijyb
D:6:      layout_rooms, uniq_blork_the_orc
D:7:      minmay_the_grid_triangle_9x9_recursive_2
          [minmay_the_grid_triangle_9x9_prize_top_heavy,
          minmay_the_grid_triangle_9x9_corrupted_corridor,
          minmay_the_grid_triangle_9x9_steps,
          minmay_the_grid_triangle_9x9_thin_v], layout_gridville, centaur_isle
Temple:   roderic_octagonal_lattice_temple

Skill      XL: |  1  2  3  4  5  6  7  8  9 |
---------------+----------------------------+-----
Earth Magic    | 4 5 6 7 8 |  8.1
Conjurations   | 1 2 3 5 6 |  6.0
Spellcasting   | 3 4 5 |  5.8
Maces & Flails | 3 |  3.8
Fighting       | 2 |  2.8
Armour         | 2 |  2.9
Dodging        | 2 |  2.8
Evocations     | 1 2 |  2.4
Stealth        | |  2.1
Transmutations | |  0.7

Action                   |  1- 3 |  4- 6 |  7- 9 || total
-------------------------+-------+-------+-------++-------
Melee: Unarmed           |    48 |       |       ||    48
       Dagger            |    69 |   131 |    19 ||   219
       Flail             |       |       |    37 ||    37
Throw: Javelin           |     4 |       |       ||     4
 Cast: Sandblast         |    25 |    30 |    50 ||   105
       Stone Arrow       |       |       |     3 ||     3
       Lee's Rapid Decon |       |       |     7 ||     7
  Use: Scroll            |       |    13 |    10 ||    23
       Potion            |       |     1 |     2 ||     3
 Stab: Sleeping          |     1 |     7 |     1 ||     9
Armor: Robe              |    46 |    69 |    38 ||   153
Dodge: Dodged            |    69 |    86 |    48 ||   203

Table legend: (Time is in decaauts)
 A = Elapsed time spent in this place.
 B = Non-inter-level travel time spent in this place.
 C = Inter-level travel time spent in this place.
 D = Time resting spent in this place.
 E = Time spent auto-exploring this place.
 F = Levels seen in this place.
 G = Mean time per level.
                   A        B        C        D        E       F      G
               +--------+--------+--------+--------+--------+-----+--------+
         Total |   7178 |   6608 |    570 |    968 |   4420 |   8 |  897.2 |
       Dungeon |   7036 |   6493 |    543 |    968 |   4307 |   7 | 1005.1 |
        Temple |    141 |    114 |     27 |      0 |    113 |   1 |  141.0 |
               +--------+--------+--------+--------+--------+-----+--------+

Top non-repeatable levels by time:
     D:1: 1384 daAuts
     D:2: 1311 daAuts
     D:5: 1236 daAuts
     D:4: 1178 daAuts
     D:7: 664 daAuts
     D:6: 655 daAuts
     D:3: 607 daAuts
  Temple: 141 daAuts
